 Dungeon Crawl Stone Soup version 0.27-a0-1525-g1038ab4fd7 (webtiles) character file.

Game seed: 1192325290057907794

751 dracfodder the Chiller (level 7, -1/38 HPs)
             Began as a Gargoyle Ice Elementalist on July 10, 2021.
             Slain by an ogre (18 damage)
             ... on level 6 of the Dungeon.
             The game lasted 00:44:06 (5592 turns).

dracfodder the Chiller (Gargoyle Ice Elementalist)  Turns: 5592, Time: 00:44:07

Health: -1/38      AC:  8    Str: 11    XL:     7   Next: 78%
Magic:  10/13      EV: 12    Int: 18    God:
Gold:   214        SH:  5    Dex: 10    Spells: 3/14 levels left

rFire    . . .     SeeInvis .   a - +0 whip
rCold    + . .     Faith    .   (no shield)
rNeg     + . .     Spirit   .   e - +1 robe
rPois    ∞         Reflect  +   j - +0 helmet
rElec    +         Harm     .   (no cloak)
rCorr    .         Rampage  .   (no gloves)
Will     .....                  (no boots)
Stlth    ++........             d - amulet of reflection
HPRegen  0.12/turn              l - ring of protection from cold
MPRegen  0.13/turn              (no ring)

@: freezing walls
A: sickness immunity, AC +4, negative energy resistance 1, electricity
resistance, torment resistance 1, petrification resistance
a: no special abilities


You were on level 6 of the Dungeon.
You visited 1 branch of the dungeon, and saw 6 of its levels.

You collected 214 gold pieces.

Inventory:

Hand Weapons
 a - a +0 whip (weapon)
 b - a +0 hunting sling
 m - a +0 spear
Missiles
 c - 168 stones
 g - 28 poisoned darts
 h - 21 bolts
 i - 31 sling bullets
 q - 26 arrows
Armour
 e - a +1 robe (worn)
 j - a +0 helmet (worn)
Jewellery
 d - an amulet of reflection (around neck)
 l - a ring of protection from cold (left hand)
Wands
 r - a wand of flame (16)
Scrolls
 f - a scroll of teleportation
 k - 2 scrolls of identify
Potions
 o - 2 potions of resistance
 p - 2 potions of brilliance
 s - a potion of haste
 t - 2 potions of attraction {unknown}
 u - 2 potions of might {unknown}


   Skills:
 + Level 1.6 Fighting
 + Level 1.5 Maces & Flails
 + Level 2.6(2.8) Slings
 + Level 1.1(2.0) Throwing
 + Level 2.3 Dodging
 + Level 2.7 Stealth
 + Level 1.2 Shields
 + Level 4.3 Spellcasting
 * Level 2.5 Conjurations
 + Level 5.5 Ice Magic


You had 3 spell levels left.
You knew the following spells:

 Your Spells              Type           Power      Damage    Failure   Level
a - Freeze                Ice            92%        1d10      1%          1
b - Frozen Ramparts       Ice            46%        1d6       4%          3
c - Ozocubu's Armour      Ice            23%        N/A       4%          3
d - Hailstorm             Conj/Ice       18%        3d6       26%         4

Your spell library contained the following spells:

 Spells                   Type           Power      Damage    Failure   Level
 Dazzling Flash           Conj/Hex       16%        N/A       26%         3
 Stone Arrow              Conj/Erth      16%        3d8       26%         3
 Iskenderun's Mystic Bla  Conj/Tloc      8%         2d4       63%         4
 Bolt of Magma            Conj/Fire/Erth 3%         4d5       95%         5
 Starburst                Conj/Fire      4%         8x6d3     100%        6
 Shatter                  Erth           1%         3d6*      100%        9


Dungeon Overview and Level Annotations

Branches:
Dungeon (6/15)
 Temple: D:4-7

Altars:

Shops:
D:1 [

Annotations:
D:4 3 runed translucent doors, Dittersdorf's ghost, amateur GrFi


Innate Abilities, Weirdness & Mutations

You are immune to sickness and miasma.
Your stone body is resilient. (AC +4)
You are immune to poison.
You resist negative energy. (rN+)
You are resistant to electric shocks. (rElec)
You are resistant to unholy torment.
You are immune to petrification.


Message History

Magic restored.
You start resting.
An ogre comes into view. It is wielding a +0 giant club.
You are too injured to fight recklessly!
Fire: 172 stones
Press: ? - help, Q - select action, (/) - cycle Shift-Dir - straight line, f - ogre
Aim: an ogre, wielding a +0 giant club (wandering, hasn't noticed you, 72% to hit)
You shoot a stone.
The stone hits the ogre but does no damage.
Fire: 171 stones
Press: ? - help, Q - select action, (/) - cycle Shift-Dir - straight line, f/p - ogre
Aim: an ogre, wielding a +0 giant club (72% to hit)
You shoot a stone. The stone hits the ogre!
The ogre is moderately wounded.
An adder comes into view.
Found a plate armour.
Fire: 170 stones
Press: ? - help, Q - select action, (/) - cycle Shift-Dir - straight line, f/p - ogre
Aim: an ogre, wielding a +0 giant club (moderately wounded, 72% to hit)
You shoot a stone.
The stone hits the ogre but does no damage.
The ogre is moderately wounded.
Fire: 169 stones
Press: ? - help, Q - select action, (/) - cycle Shift-Dir - straight line, f/p - ogre
Aim: an ogre, wielding a +0 giant club (moderately wounded, 72% to hit)
You shoot a stone. The stone hits the ogre.
The ogre is moderately wounded.
The adder hisses angrily.
Casting: Freeze (safe; 1% risk of failure)
Confirm with . or Enter, or press ? or * to list all spells.
Casting: Frozen Ramparts (dangerous; 4% risk of failure)
Press: ? - help, Dir - look around, f - activate The walls around you are covered in ice.
The wall freezes the ogre.
The wall freezes the adder.
The adder seems to slow down.
a - a +0 whip (weapon)
The wall freezes the adder.
The adder seems to slow down.
The wall freezes the ogre!
The ogre hits you with a +0 giant club!!
You die...

...####...
#......(. #.....(##
## ###.......###
.##.##.....(.....#.
...................
#.....#...(.....(..
#......O##.../...##
[......@#...#.....#
....##S#....#.....#
... #≈#.#.......##
## #≈####.....## #≈
#.....K #≈ #..#.#KK
#≈ #≈


You could see an ogre and an adder (slow).

Vanquished Creatures
  A sky beast (D:5)
  An ogre (D:5)
  A phantom (D:5)
  2 scorpions
  2 orc priests (D:6)
  2 iguanas
  A hound zombie (D:5)
  9 gnolls
  3 adders
  2 ufetubi (D:5)
  An adder skeleton (D:4)
  A worm (D:3)
  3 dart slugs
  8 orcs
  12 ball pythons
  2 bats
  4 endoplasms
  4 giant cockroaches
  10 goblins
  15 hobgoblins
  16 jackals
  4 quokkas
  4 frilled lizards
  7 kobolds
  6 rats
121 creatures vanquished.

Notes
Turn   | Place    | Note
-------+----------+-------------------------------------------
     0 | D:1      | dracfodder the Gargoyle Ice Elementalist began the quest
                  | for the Orb.
     0 | D:1      | Reached XP level 1. HP: 10/10 MP: 3/3
   247 | D:2      | Reached XP level 2. HP: 15/15 MP: 3/5
   710 | D:1      | Reached XP level 3. HP: 19/19 MP: 4/6
   716 | D:1      | Learned a level 3 spell: Frozen Ramparts
  1057 | D:1      | Found Cyeckof's Armour Emporium.
  1235 | D:1      | Reached XP level 4. HP: 15/24 MP: 3/7
  1379 | D:1      | Found a faded altar of an unknown god.
  1975 | D:2      | Learned a level 3 spell: Ozocubu's Armour
  2110 | D:3      | Reached skill level 1 in Throwing
  2289 | D:3      | Reached XP level 5. HP: 28/28 MP: 3/9
  2313 | D:3      | Reached skill level 5 in Ice Magic
  2466 | D:4      | Found a runed translucent gate.
  2466 | D:4      | Found a runed translucent gate.
  2466 | D:4      | Found a runed translucent gate.
  2488 | D:3      | Reached skill level 1 in Shields
  3096 | D:3      | Reached skill level 1 in Slings
  3725 | D:4      | Noticed Dittersdorf's ghost (amateur GrFi)
  3808 | D:4      | Reached XP level 6. HP: 27/33 MP: 6/11
  3811 | D:4      | Reached skill level 1 in Fighting
  3963 | D:4      | Learned a level 4 spell: Hailstorm
  4184 | D:5      | Entered Level 5 of the Dungeon
  4184 | D:5      | Noticed a sky beast
  4372 | D:4      | Reached skill level 1 in Maces & Flails
  4690 | D:5      | Killed a sky beast
  4691 | D:5      | Reached skill level 1 in Conjurations
  4875 | D:5      | Reached XP level 7. HP: 38/38 MP: 8/12
  5592 | D:6      | Slain by an ogre

Illustrated notes

Levels and vault maps discovered:
D:1:      dpeg_arrival_prison, layout_basic,
          hellmonk_ecumenical_altar_leap_of_faith, serial_shops, shop,
          chequers_serial_rivers_micro_d
D:2:      layout_rooms, feat_on_display
D:3:      layout_basic, guppyfry_early_orc_mine
D:4:      layout_basic, ebering_ghost_rock_garden, corexii_checkpoint_a,
          minmay_misc_feat_columns
D:5:      layout_cave_pods, uniq_grinder
D:6:      layout_cave_pools, minmay_temple_entry_mini_moons,
          portal_sewer_entry_d

Skill      XL: |  1  2  3  4  5  6  7 |
---------------+----------------------+-----
Throwing       | 1 |  1.1
Ice Magic      | 5 |  5.5
Shields        | 1 |  1.2
Spellcasting   | 3 4 |  4.3
Slings         | 1 2 |  2.6
Fighting       | 1 |  1.6
Maces & Flails | 1 |  1.5
Dodging        | 2 |  2.3
Conjurations   | 1 2 |  2.5
Stealth        | |  2.7

Action                   |  1- 3 |  4- 6 |  7- 9 || total
-------------------------+-------+-------+-------++-------
Melee: Whip              |    79 |    60 |    25 ||   164
 Fire: Hunting sling     |       |    71 |    30 ||   101
Throw: Stone             |    18 |    10 |       ||    28
       Dart              |       |    15 |       ||    15
 Cast: Freeze            |    28 |    54 |     7 ||    89
       Frozen Ramparts   |     2 |     9 |     5 ||    16
       Ozocubu's Armour  |       |     2 |     1 ||     3
  Use: Scroll            |       |    10 |     3 ||    13
       Potion            |       |       |     2 ||     2
 Stab: Sleeping          |       |     1 |       ||     1
Armor: Robe              |    30 |    37 |    20 ||    87
Dodge: Dodged            |    51 |    65 |    27 ||   143
Block: Other             |    24 |    33 |     9 ||    66

Table legend: (Time is in decaauts)
 A = Elapsed time spent in this place.
 B = Non-inter-level travel time spent in this place.
 C = Inter-level travel time spent in this place.
 D = Time resting spent in this place.
 E = Time spent auto-exploring this place.
 F = Levels seen in this place.
 G = Mean time per level.
                   A        B        C        D        E       F      G
               +--------+--------+--------+--------+--------+-----+--------+
         Total |   5617 |   5434 |    183 |   1632 |   2388 |   6 |  936.2 |
       Dungeon |   5617 |   5434 |    183 |   1632 |   2388 |   6 |  936.2 |
               +--------+--------+--------+--------+--------+-----+--------+

Top non-repeatable levels by time:
     D:1: 1449 daAuts
     D:4: 1351 daAuts
     D:3: 1251 daAuts
     D:5: 790 daAuts
     D:2: 644 daAuts
     D:6: 129 daAuts
